 Dungeon Crawl Stone Soup version 0.27.1-2-g3b301248ec (webtiles) character file.

Game seed: 451465731002193169

1189 MajorAdolf the Skirmisher (level 8, -5/74 HPs)
             Began as a Naga Fighter on Sept 25, 2021.
             Slain by an ice beast (10 damage)
             ... on level 5 of the Dungeon.
             The game lasted 00:04:20 (3208 turns).

MajorAdolf the Skirmisher (Naga Fighter)            Turns: 3208, Time: 00:04:21

Health: -5/74      AC:  5    Str: 20    XL:     8   Next: 43%
Magic:  8/8        EV:  8    Int:  9    God:
Gold:   206        SH:  9    Dex: 11    Spells: 4/7 levels left

rFire    . . .     SeeInvis +   a - +0 war axe
rCold    . . .     Faith    .   c - +0 kite shield
rNeg     + . .     Spirit   .   e - +1 leather armour {rN+}
rPois    +         Reflect  .   (no helmet)
rElec    .         Harm     .   (no cloak)
rCorr    .         Rampage  .   (no gloves)
Will     +....                  (no barding)
Stlth    +.........             i - amulet of regeneration
HPRegen  1.22/turn              (no ring)
MPRegen  0.11/turn              (no ring)

@: very slow
A: AC +2, large, see invisible, deformed body, poison resistance, slowness 2,
spit poison 1, naga tail 1
a: Spit Poison


You were on level 5 of the Dungeon.
You visited 1 branch of the dungeon, and saw 5 of its levels.

You collected 206 gold pieces.

Inventory:

Hand Weapons
 a - a +0 war axe (weapon)
 k - a +1 vorpal flail
 q - a +1 whip of venom
Armour
 b - a +0 scale mail
 c - a +0 kite shield (worn)
 e - a +1 leather armour of positive energy (worn)
Magical Staves
 v - a staff of air
Jewellery
 i - an amulet of regeneration (around neck)
 n - a ring of wizardry
Scrolls
 f - 3 scrolls of teleportation {unknown}
 g - 3 scrolls of identify {unknown}
 l - 2 scrolls of magic mapping {unknown}
 m - a scroll of enchant armour {unknown}
 r - a scroll of enchant weapon {unknown}
 u - a scroll of immolation {unknown}
 x - a scroll of fear {unknown}
Potions
 d - a potion of might
 h - a potion of invisibility {unknown}
 j - 3 potions of curing {unknown}
 o - 2 potions of heal wounds {unknown}
 p - a potion of brilliance {unknown}
 s - a potion of lignification {unknown}
 t - a potion of flight {unknown}
 w - a potion of cancellation {unknown}


   Skills:
 + Level 5.1 Fighting
 + Level 4.5 Axes
 + Level 4.2 Armour
 + Level 3.1 Dodging
 + Level 4.2 Shields
 + Level 1.4 Conjurations
 + Level 1.4 Air Magic
 + Level 1.6 Poison Magic


You had 4 spell levels left.
You knew the following spells:

 Your Spells              Type           Power      Damage    Failure   Level
a - Mephitic Cloud        Conj/Pois/Air  2%         N/A       91%         3

Your spell library contained the following spells:

 Spells                   Type           Power      Damage    Failure   Level
 Magic Dart               Conj           8%         1d3       58%         1
 Animate Skeleton         Necr           0%         N/A       78%         1
 Apportation              Tloc           0%         N/A       78%         1
 Corona                   Hex            0%         N/A       78%         1
 Summon Small Mammal      Summ           0%         N/A       78%         1
 Call Imp                 Summ           0%         N/A       89%         2


Dungeon Overview and Level Annotations

Branches:
Dungeon (5/15)
 Temple: D:4-7

Altars:
Cheibriados
Kikubaaqudgha
Nemelex Xobeh
Trog


Innate Abilities, Weirdness & Mutations

Your serpentine skin is tough. (AC +2)
You have supernaturally acute eyesight. (SInv)
Armour fits poorly on your strangely shaped body.
Your system is resistant to poisons. (rPois)
You cover ground very slowly.
You can spit poison.
You have a snake-like lower body.


Message History

You are too injured to fight recklessly!
You are too injured to fight recklessly!
Unknown command.
You hit the ice beast.
The ice beast is moderately wounded.
The ice beast hits you.
* * * LOW HITPOINT WARNING * * *
The ice beast freezes you!
* * * LOW HITPOINT WARNING * * *
You hit the ice beast.
The ice beast is moderately wounded.
You block the ice beast's attack. The ice beast closely misses you.
You hit the ice beast.
The ice beast is moderately wounded.
You block the ice beast's attack.
You hit the ice beast.
The ice beast is heavily wounded.
The ice beast barely misses you. You block the ice beast's attack.
You hit the ice beast.
The ice beast is severely wounded.
You hit the hound but do no damage. You block the hound's attack.
The hound bites you.
* * * LOW HITPOINT WARNING * * *
The ice beast hits you but does no damage.
You block the hound's attack.
You closely miss the ice beast.
The ice beast is severely wounded.
You hit the hound. The hound bites you but does no damage.
The ice beast hits you.
* * * LOW HITPOINT WARNING * * *
The ice beast freezes you!
* * * LOW HITPOINT WARNING * * *
The hound bites you but does no damage.
You closely miss the ice beast.
The ice beast is severely wounded.
You closely miss the hound. You block the hound's attack.
The ice beast hits you.
* * * LOW HITPOINT WARNING * * *
The ice beast freezes you!
You die...

###.............#.#
###...<†..........#.#
.....##......#...##.##
.............##..###.#
###.<..#..##.##..###.##
##..###....#....##..#
#..# ##...#..#######
##.####.....h#8###8##
#.#.....###.@Y...... #
#......## #.........
#####..##..# #.........
....#......# ###8###⌠##
#...........# ## #
##....#####..# #...##
.. #...# ##....#


You could see an ice beast and a hound.

Vanquished Creatures
  Sigmund (D:2)
  Eustachio (D:4)
  Menkaure (D:4)
  A hornet zombie (D:4)
  A black bear (D:4)
  A centaur (D:5)
  An ogre (D:4)
  A bullfrog (D:5)
  3 iguanas
  An orc wizard (D:3)
  2 hound skeletons (D:4)
  7 gnolls
  10 adders
  2 worms (D:3)
  2 dart slugs
  9 orcs
  5 ball pythons
  3 endoplasms
  5 giant cockroaches
  5 goblins
  5 hobgoblins
  4 jackals
  2 kobolds
  A quokka (D:2)
  3 bats
  A frilled lizard (D:2)
  7 rats
85 creatures vanquished.

Notes
Turn   | Place    | Note
-------+----------+-------------------------------------------
     0 | D:1      | MajorAdolf the Naga Fighter began the quest for the Orb.
     0 | D:1      | Reached XP level 1. HP: 21/21 MP: 1/1
   231 | D:1      | Reached XP level 2. HP: 28/28 MP: 2/2
   761 | D:2      | Reached XP level 3. HP: 34/34 MP: 3/3
  1207 | D:2      | Noticed Sigmund
  1253 | D:3      | Reached XP level 4. HP: 42/42 MP: 4/4
  1290 | D:3      | Reached skill level 1 in Dodging
  1422 | D:3      | Found a bloodstained altar of Trog.
  1422 | D:3      | Found a sparkling altar of Nemelex Xobeh.
  1424 | D:3      | Found an ancient bone altar of Kikubaaqudgha.
  1445 | D:3      | Reached XP level 5. HP: 31/49 MP: 5/5
  1492 | D:3      | Found a snail-covered altar of Cheibriados.
  1977 | D:2      | Killed Sigmund
  1978 | D:2      | Reached skill level 4 in Fighting
  1978 | D:2      | Reached XP level 6. HP: 48/57 MP: 6/6
  2151 | D:4      | Reached XP level 7. HP: 6/66 MP: 7/7
  2497 | D:4      | Noticed Menkaure
  2506 | D:4      | Killed Menkaure
  2536 | D:4      | Learned a level 3 spell: Mephitic Cloud
  2703 | D:4      | Reached XP level 8. HP: 40/73 MP: 8/8
  2950 | D:4      | Noticed Eustachio
  3011 | D:4      | Killed Eustachio
  3012 | D:4      | Reached skill level 5 in Fighting
  3012 | D:4      | Reached skill level 1 in Poison Magic
  3054 | D:5      | Entered Level 5 of the Dungeon
  3071 | D:5      | Reached skill level 1 in Conjurations
  3071 | D:5      | Reached skill level 1 in Air Magic
  3208 | D:5      | Slain by an ice beast

Illustrated notes

Levels and vault maps discovered:
D:1:      minmay_arrival_widening_spiral_wide, layout_rooms
D:2:      layout_basic, uniq_sigmund
D:3:      layout_rooms, amcnicky_altar_gilded, grunt_temple_overflow_open
D:4:      layout_cave_pods, uniq_eustachio, uniq_menkaure
D:5:      layout_layer_cave, nzn_wu_jian_contemplation, corexii_hall_statues_i,
          uniq_ijyb

Skill      XL: |  1  2  3  4  5  6  7  8 |
---------------+-------------------------+-----
Dodging        | 1 2 3 |  3.1
Armour         | 3 4 |  4.2
Shields        | 3 4 |  4.2
Axes           | 3 4 |  4.5
Fighting       | 4 5 |  5.1
Poison Magic   | 1 |  1.6
Conjurations   | 1 |  1.4
Air Magic      | 1 |  1.4

Action                   |  1- 3 |  4- 6 |  7- 9 || total
-------------------------+-------+-------+-------++-------
Melee: War axe           |    86 |   144 |   145 ||   375
 Abil: Spit Poison       |       |     3 |     1 ||     4
  Use: Potion            |       |     1 |       ||     1
Armor: Leather armour    |    42 |    31 |    83 ||   156
Dodge: Dodged            |    42 |    55 |    95 ||   192
Block: Kite shield       |    58 |    68 |   141 ||   267
